 Dungeon Crawl Stone Soup version 0.30-a0-779-g7971cf19c3 (webtiles) character file.

Game seed: 1151659886178636321

298 Leeroy the Slasher (level 6, 0/30 HPs)
             Began as a Vine Stalker Warper on Feb 17, 2023.
             Was an Initiate of Wu Jian.
             Succumbed to a scorpion's poison
             ... on level 4 of the Dungeon.
             The game lasted 00:04:27 (3087 turns).

Leeroy the Slasher (Vine Stalker Warper)            Turns: 3087, Time: 00:04:28

Health: 0/30       AC:  4    Str: 10 (13) XL:     6   Next: 35%
Magic:  11/19      EV: 11    Int: 10 (13) God:    Wu Jian [......]
Gold:   162        SH:  0    Dex: 13 (16) Spells: 9/9 levels left

rFire   . . .      SeeInvis +    a - +0 falchion
rCold   x . .      Faith    .    (no shield)
rNeg    . . .      Spirit   +    c - +1 leather armour of Omission {rC- MP+9 SInv}
rPois   .          Reflect  .    (no helmet)
rElec   .          Harm     .    (no cloak)
rCorr   .          Rampage  .    (no gloves)
Will    .....                    (no boots)
Stlth   +                        (no amulet)
HPRegen 1.05/turn                (no ring)
MPRegen 0.16/turn                (no ring)

@: lethally poisoned (0 -> -2)
A: fangs 2, regeneration 1, magic shield, antimagic bite, no potion heal 2,
inability to drink after injury 1
a: Renounce Religion


You were on level 4 of the Dungeon.
You worshipped Wu Jian.
Wu Jian was noncommittal.
You visited 1 branch of the dungeon, and saw 4 of its levels.

You collected 162 gold pieces.

Inventory:

Hand Weapons
 a - a +0 falchion (weapon)
 x - the +4 flail of Buroim {flame, Fragile rCorr Str+5}
   (You found it on level 3 of the Dungeon)

   Str:       It affects your strength (+5).
   rCorr:     It protects you from acid and corrosion.
   Fragile:   It will be destroyed if unequipped.
Missiles
 d - 7 boomerangs of dispersal (quivered)
 r - 6 poisoned darts
 v - 2 boomerangs
Armour
 b - a +0 leather armour
 c - the +1 leather armour of Omission (worn) {rC- MP+9 SInv}
   (You found it on level 2 of the Dungeon)

   rC:        It makes you vulnerable to cold.
   MP:        It affects your magic capacity (+9).
   SInv:      It lets you see invisible.
 s - a +2 ring mail of poison resistance
Jewellery
 h - an amulet of regeneration
Scrolls
 e - a scroll of amnesia {unknown}
 f - 3 scrolls of teleportation {unknown}
 g - 2 scrolls of fear {unknown}
 j - 3 scrolls of identify {unknown}
 m - a scroll of enchant armour {unknown}
 o - 3 scrolls of vulnerability {unknown}
 p - a scroll of acquirement {unknown}
 q - a scroll of torment {unknown}
 u - a scroll of magic mapping {unknown}
 w - a scroll of noise {unknown}
 y - a scroll of enchant weapon {unknown}
 D - a scroll of brand weapon {unknown}
Potions
 i - a potion of degeneration
 k - a potion of curing {unknown}
 l - 2 potions of attraction {unknown}
 n - 2 potions of mutation
 t - 2 potions of invisibility {unknown}
 z - a potion of ambrosia {unknown}
 A - a potion of might {unknown}
 B - a potion of magic {unknown}
 C - a potion of heal wounds {unknown}


   Skills:
 - Level 1.7 Fighting
 + Level 5.9 Long Blades
 - Level 0.8 Throwing
 - Level 0.7 Armour
 - Level 1.5 Dodging
 - Level 2.1 Spellcasting
 - Level 3.0 Translocations


You had 9 spell levels left.
You didn't know any spells.
Your spell library contained the following spells:

 Spells                   Type           Power      Damage    Failure   Level
 Blink                    Tloc           14%        N/A       19%         2
 Lesser Beckoning         Tloc           14%        N/A       19%         2
 Teleport Other           Tloc           7%         N/A       36%         3
 Foxfire                  Conj/Fire      4%         2x1d4     38%         1
 Vhi's Electric Charge    Tloc/Air       8%         N/A       56%         3
 Manifold Assault         Tloc           7%         N/A       77%         4


Dungeon Overview and Level Annotations

Branches:
Dungeon (4/15)
 Temple: D:4-7

Altars:
Gozag
Vehumet
Wu Jian
The Shining One

Annotations:
D:2 Sigmund


Innate Abilities, Weirdness & Mutations

You have extremely sharp teeth.
Your natural rate of healing is unusually fast.
When hurt, damage is shared between your health and your magic reserves.
Your bite disrupts and absorbs the magic of your enemies.
Potions cannot restore your health.
You occasionally lose the ability to drink potions when taking damage.


Message History

* * * LOW HITPOINT WARNING * * *
It was a potion of degeneration.
There was something very wrong with that liquid.
You feel weakened.
You feel dopey.
You feel clumsy.
You feel sick. The scorpion stings you.
* * * LOW HITPOINT WARNING * * *
It was a potion of mutation.
You feel extremely strange.
You occasionally lose the ability to drink potions when taking damage.
You feel the urge to shout.
Your urge to shout disappears.
* * * LOW HITPOINT WARNING * * *
You feel sick. The scorpion barely misses you. x2
You hit the scorpion but do no damage.
You bite the scorpion, but do no damage.
The scorpion is moderately wounded.
You feel sick.
The scorpion stings you but does no damage.
You hit the scorpion but do no damage.
The scorpion is moderately wounded.
You feel sick.
The scorpion stings you but does no damage.
You hit the scorpion. You bite the scorpion. You drain its power.
You feel invigorated.
The scorpion is heavily wounded.
You feel sick. The scorpion closely misses you.
You barely miss the scorpion.
The scorpion is heavily wounded.
You feel sick. The scorpion closely misses you.
You hit the scorpion.
You bite the scorpion, but do no damage.
The scorpion is severely wounded.
You feel sick. The scorpion stings you.
You feel threatened and lose the ability to drink potions!
* * * LOW HITPOINT WARNING * * *
You are more poisoned.
The scorpion poisons you!
The scorpion stings you but does no damage.
You hit the scorpion but do no damage.
The scorpion is severely wounded.
You can drink potions again.
You die...

<.##.#.....<..#
...
..##...#.######
###..
.>............#
...
.......#†####.###
.... .##..###.#
#...# .....
##...# #.#
###.####### ##..#
#.# #........# ..
..# ##+#.####.#
... #...@.# ..#
#..s#.# #... (..
#... #...# #...
#.... .#.. .##..
#.### .. . # #.


You could see a scorpion.

Vanquished Creatures
  Grinder (D:3)
  3 adders
  4 dart slugs (D:4)
  10 orcs
  2 bats
  6 endoplasms
  2 giant cockroaches
  8 hobgoblins
  2 jackals (D:4)
  5 kobolds
  2 quokkas (D:1)
  A ball python (D:2)
  A frilled lizard (D:3)
  7 goblins
  A rat (D:3)
55 creatures vanquished.

Vanquished Creatures (others)
  15 plants (D:2)
15 creatures vanquished.

Grand Total: 70 creatures vanquished

Notes
Turn   | Place    | Note
-------+----------+-------------------------------------------
     0 | D:1      | Leeroy the Vine Stalker Warper began the quest for the Orb.
     0 | D:1      | Reached XP level 1. HP: 11/11 MP: 4/4
    57 | D:1      | Reached skill level 2 in Long Blades
    80 | D:1      | Found a faded altar of an unknown god.
    88 | D:1      | Got Plato's Almanac of Injury
   150 | D:1      | Reached XP level 2. HP: 14/15 MP: 6/6
  1299 | D:2      | Reached skill level 3 in Long Blades
  1347 | D:2      | Reached XP level 3. HP: 18/18 MP: 7/7
  1615 | D:2      | Noticed Sigmund
  2020 | D:2      | Identified the +1 leather armour of Omission {rC- MP+9
                  | SInv}
  2248 | D:3      | Found a glowing golden altar of the Shining One.
  2251 | D:3      | Found a radiant altar of Vehumet.
  2251 | D:3      | Noticed Grinder
  2256 | D:3      | Paralysed by Grinder for 2 turns
  2267 | D:3      | Paralysed by Grinder for 3 turns
  2271 | D:3      | Killed Grinder
  2272 | D:3      | Reached skill level 5 in Long Blades
  2272 | D:3      | Gained mutation: Your natural rate of healing is unusually
                  | fast. [Vine Stalker growth]
  2272 | D:3      | Reached XP level 4. HP: 11/23 MP: 5/8
  2272 | D:3      | Reached XP level 5. HP: 12/26 MP: 5/9
  2272 | D:3      | Reached XP level 6. HP: 14/30 MP: 5/10
  2364 | D:3      | Found an opulent altar of Gozag.
  2378 | D:3      | Found an ornate altar of the Wu Jian Council.
  2464 | D:3      | Became a worshipper of the Wu Jian Council
  2626 | D:3      | Identified the +4 flail of Buroim {flame, Fragile rCorr
                  | Str+5}
  3081 | D:4      | Gained mutation: You occasionally lose the ability to drink
                  | potions when taking damage. [potion of mutation]
  3081 | D:4      | Gained mutation: You occasionally shout uncontrollably at
                  | your foes. [potion of mutation]
  3081 | D:4      | Lost mutation: You occasionally shout uncontrollably at
                  | your foes. [potion of mutation]
  3081 | D:4      | HP: 1/30 [poisoned by a scorpion]
  3086 | D:4      | HP: 1/30 [scorpion (1)]
  3087 | D:4      | Succumbed to a scorpion's poison

Illustrated notes

Levels and vault maps discovered:
D:1:      dpeg_arrival_round_a, layout_basic, serial_glass, glass_columns_c,
          glass_columns_a, minmay_strange_pillars, feat_on_display,
          minmay_strange_pillars, shapermc_ecumenical_altar_rom_forum,
          chequers_hall_statues_corner_a
D:2:      layout_loops_corners, serial_bayou, serial_bayou_pond_e,
          serial_bayou_crossing, serial_bayou_lagoon_b, serial_bayou_lake_a,
          minmay_split_cup_small, uniq_sigmund
D:3:      layout_rooms, grunt_temple_overflow_cloverleaf, uniq_grinder
D:4:      layout_basic

Skill      XL: |  1  2  3 |
---------------+----------+-----
Long Blades    | 2 3 5 |  5.9
Fighting       | |  1.7
Throwing       | |  0.8
Armour         | |  0.7
Dodging        | |  1.5
Spellcasting   | |  2.1
Translocations | |  3.0

Action                     |  1- 3 |  4- 6 || total
---------------------------+-------+-------++-------
  Melee: Falchion          |   100 |    85 ||   185
         Bite              |    25 |    25 ||    50
         Punch             |       |     1 ||     1
Ability: Lunge             |       |     1 ||     1
    Use: Scroll            |     1 |       ||     1
         Potion            |       |     2 ||     2
 Armour: Leather armour    |    17 |    18 ||    35
         Ring mail         |    12 |       ||    12
  Dodge: Dodged            |    60 |    46 ||   106

Table legend: (Time is in decaauts)
 A = Elapsed time spent in this place.
 B = Non-inter-level travel time spent in this place.
 C = Inter-level travel time spent in this place.
 D = Time resting spent in this place.
 E = Time spent auto-exploring this place.
 F = Levels seen in this place.
 G = Mean time per level.
                   A        B        C        D        E       F      G
               +--------+--------+--------+--------+--------+-----+--------+
         Total |   3141 |   3028 |    113 |    157 |   2356 |   4 |  785.2 |
       Dungeon |   3141 |   3028 |    113 |    157 |   2356 |   4 |  785.2 |
               +--------+--------+--------+--------+--------+-----+--------+

Top non-repeatable levels by time:
     D:1: 1147 daAuts
     D:2: 1118 daAuts
     D:3: 739 daAuts
     D:4: 135 daAuts
